 Dungeon Crawl Stone Soup version 0.21.1-1-g345015fe64 (webtiles) character file.

87 Lusmu the Firebug (level 4, -1/33 HPs)
             Began as a Draconian Fire Elementalist on Apr 8, 2018.
             Killed by divine providence
             ... invoked by an orc priest
              (12 damage)
             ... on level 3 of the Dungeon.
             The game lasted 00:12:13 (2702 turns).

Lusmu the Firebug (Draconian Fire Elementalist)     Turns: 2702, Time: 00:12:14

Health: -1/33      AC:  6    Str: 10    XL:     4   Next: 28%
Magic:  3/7        EV: 12    Int: 17    God:
Gold:   99         SH:  0    Dex: 11    Spells: 6/7 levels left

rFire    . . .     SeeInvis .   m - +1 dagger (freeze)
rCold    . . .     Gourm    .   (no shield)
rNeg     . . .     Faith    .   (armour unavailable)
rPois    .         Spirit   .   n - +1 hat
rElec    .         Reflect  .   (no cloak)
rCorr    .         Harm     .   (no gloves)
MR       .....                  (no boots)
Stlth    ++........             (no amulet)
HPRegen  0.11/turn              (no ring)
MPRegen  0.10/turn              (no ring)

@: very slightly contaminated
A: unfitting armour, cold-blooded, AC +5
a: no special abilities


You were on level 3 of the Dungeon.
You were not hungry.

You visited 1 branch of the dungeon, and saw 3 of its levels.

You collected 99 gold pieces.

Inventory:

Hand Weapons
 l - a +0 hunting sling
 m - a +1 dagger of freezing (weapon)
Missiles
 c - 41 stones (quivered)
 i - 38 sling bullets
Armour
 n - a +1 hat (worn)
Scrolls
 d - 3 scrolls of remove curse
 h - a scroll of enchant armour {unknown}
 k - a scroll of noise {unknown}
Potions
 e - a potion of resistance {unknown}
 j - 2 potions of curing {unknown}
 o - a potion of degeneration {unknown}
 p - 2 potions of flight {unknown}
Books
 a - a book of Flames

   Spells                             Type                      Level
   a - Flame Tongue                   Conjuration/Fire             1
   b - Throw Flame                    Conjuration/Fire             2
   c - Conjure Flame                  Conjuration/Fire             3
   d - Inner Flame                    Hexes/Fire                   3
   e - Sticky Flame                   Conjuration/Fire             4
   f - Fireball                       Conjuration/Fire             5
Comestibles
 b - 3 rations
 g - 2 chunks of flesh


   Skills:
 - Level 1.7 Dodging
 - Level 1.7 Stealth
 - Level 2.0 Spellcasting
 * Level 3.0 Conjurations
 * Level 4.2 Fire Magic


You had 6 spell levels left.
You knew the following spells:

 Your Spells              Type           Power        Failure   Level  Hunger
a - Flame Tongue          Conj/Fire      ##...        4%          1    #......


Dungeon Overview and Level Annotations

Branches:
Dungeon (3/15)

Altars:
Elyvilon
Kikubaaqudgha
Makhleb
Ru

Annotations:
D:3 Purgy


Innate Abilities, Weirdness & Mutations

Your plain brown scales are hard. (AC +5)
You cannot fit into any form of body armour.
You are cold-blooded and may be slowed by cold attacks.


Message History

You miscast Flame Tongue.
You are very lightly contaminated with residual magic.
Nothing appears to happen.
The orc priest hits you with a whip.
Casting: Flame Tongue
Confirm with . or Enter, or press ? or * to list all spells.
Aiming: Flame Tongue
Press: ? - help, Shift-Dir - straight line, f/p - orc priest
Aim: an orc priest, wielding a whip and wearing a leather armour (moderately wounded)
The flame tongue hits the orc priest.
The orc priest is heavily wounded.
The orc priest misses you.
Casting: Flame Tongue
Confirm with . or Enter, or press ? or * to list all spells.
Aiming: Flame Tongue
Press: ? - help, Shift-Dir - straight line, f/p - orc priest
Aim: an orc priest, wielding a whip and wearing a leather armour (heavily wounded)
You miscast Flame Tongue.
Nothing appears to happen.
The orc priest calls down the wrath of Beogh upon you.
Beogh smites you!
You die...

## ## ..# #. #.# ..
#.. ..# #.# #.####..
#.# #.#.....###.#
#####.#.# #.....#####
o.o...>.# #...oo@...#
####...####....###..#
##....##....##..##
#..#.##.o..##.##
#.............#
###......รท..###
##....###o#..#
###..#..# #.#.....
#...###.# #.#.......


You could see an orc priest and 2 orcs.

Vanquished Creatures
  3 adders (D:3)
  A gnoll (D:2)
  An ooze (D:3)
  A worm (D:3)
  2 leopard geckos
  An orc (D:3)
  A giant cockroach (D:1)
  3 goblins
  7 hobgoblins
  4 jackals
  8 bats
  2 frilled lizards
  3 kobolds
  4 rats
41 creatures vanquished.

Notes
Turn   | Place    | Note
-------+----------+-------------------------------------------
     0 | D:1      | Lusmu the Draconian Fire Elementalist began the quest for the Orb.
     0 | D:1      | Reached XP level 1. HP: 14/14 MP: 3/3
   355 | D:1      | Reached XP level 2. HP: 13/20 MP: 5/5
  1197 | D:2      | Found a white marble altar of Elyvilon.
  1259 | D:2      | Found a burning altar of Makhleb.
  1259 | D:2      | Noticed a cacodemon
  1362 | D:2      | Noticed a ynoxinul
  1362 | D:2      | Noticed an orange demon
  1552 | D:2      | Reached XP level 3. HP: 16/26 MP: 6/6
  1781 | D:2      | Found an ancient bone altar of Kikubaaqudgha.
  1781 | D:2      | Found a sacrificial altar of Ru.
  2363 | D:3      | Reached skill level 4 in Fire Magic
  2523 | D:3      | Noticed Purgy
  2563 | D:3      | Reached XP level 4. HP: 31/33 MP: 4/7
  2702 | D:3      | Killed from afar by an orc priest

Skill      XL: |  1  2  3  4 |
---------------+-------------+-----
Conjurations   | 2 3 |  3.0
Fire Magic     | 4 |  4.2
Dodging        | |  1.7
Stealth        | |  1.7
Spellcasting   | |  2.0

Action                   |  1- 3 |  4- 6 || total
-------------------------+-------+-------++-------
Melee: Dagger            |   103 |    21 ||   124
       Unarmed           |     1 |       ||     1
       Tailslap          |     5 |     2 ||     7
 Cast: Flame Tongue      |    27 |     6 ||    33
  Use: Scroll            |     1 |     2 ||     3
 Stab: Sleeping          |     1 |       ||     1
  Eat: Chunk             |     6 |       ||     6
Armor: Skin              |    37 |    12 ||    49
Dodge: Dodged            |    84 |    16 ||   100
